 Dungeon Crawl Stone Soup version 0.30-a0-782-ge64f9170bb (webtiles) character file.

Game seed: 16136099857099461788

1145 senseless the Skirmisher (level 8, -1/54 HPs)
             Began as an Octopode Hunter on Mar 14, 2023.
             Was an Initiate of Okawaru.
             Slain by a steam dragon (2 damage)
             ... on level 6 of the Dungeon.
             The game lasted 00:16:49 (5601 turns).

senseless the Skirmisher (Octopode Hunter)          Turns: 5601, Time: 00:16:49

Health: -1/54      AC:  1    Str: 20    XL:     8   Next: 37%
Magic:  7/7        EV: 14    Int: 10    God:    Okawaru [......]
Gold:   267        SH:  0    Dex: 17    Spells: 7/7 levels left

rFire   . . .      SeeInvis .    b - +2 spear (vamp)
rCold   + . .      Faith    .    (no shield)
rNeg    . . .      Spirit   .    (helmet restricted)
rPois   .          Reflect  .    n - amulet of regeneration
rElec   .          Harm     .    t - ring of flight
rCorr   +          Rampage  .    q - ring of resist corrosion
Will    .....                    u - +6 ring of strength
Stlth   ++++                     (no ring)
HPRegen 1.09/turn                (no ring)
MPRegen 0.10/turn                (no ring)
                                 (no ring)
                                 (no ring)

@: flying
A: almost no armour, amphibious, 8 rings, camouflage 1, gelatinous body 1,
(nimble swimmer 1), tentacles, tentacle spike 1, cold resistance 1, low MP 1,
strong 1
a: Renounce Religion


You were on level 6 of the Dungeon.
You worshipped Okawaru.
Okawaru was noncommittal.
You visited 2 branches of the dungeon, and saw 7 of its levels.

You collected 267 gold pieces.

Inventory:

Hand Weapons
 a - a +0 shortbow
 b - a +2 vampiric spear (weapon)
 m - a +2 dagger of protection
 o - a +0 short sword
 r - a +2 dagger of draining
Missiles
 d - 2 boomerangs of dispersal
Jewellery
 n - an amulet of regeneration (around mantle)
 q - a ring of resist corrosion (right tentacle)
 t - a ring of flight (left tentacle)
 u - a +6 ring of strength (on tentacle)
Wands
 i - a wand of paralysis (5)
Scrolls
 c - 2 scrolls of enchant armour
 g - 3 scrolls of immolation
 j - 2 scrolls of teleportation
 s - a scroll of magic mapping
Potions
 e - 2 potions of attraction
 f - a potion of ambrosia {unknown}
 h - a potion of haste {unknown}
 k - a potion of magic {unknown}
 l - 7 potions of curing
 p - a potion of might {unknown}


   Skills:
 + Level 4.4 Fighting
 + Level 0.6 Short Blades
 + Level 3.2 Polearms
 + Level 8.1 Ranged Weapons
 + Level 3.0 Dodging
 + Level 4.2 Stealth
 + Level 0.5 Evocations


You had 7 spell levels left.
You didn't know any spells.
Your spell library contained the following spells:

 Spells                   Type           Power      Damage    Failure   Level
 Frozen Ramparts          Ice            0%         1d1       75%         3
 Ice Form                 Ice/Tmut       0%         N/A       98%         4
 Passage of Golubria      Tloc           0%         N/A       98%         4
 Silence                  Hex/Air        0%         N/A       100%        5
 Lehudib's Crystal Spear  Conj/Erth      0%         10d2      100%        8
 Summon Ice Beast         Ice/Summ       Unusable   N/A       N/A         4

Dungeon Overview and Level Annotations

Branches:
Dungeon (6/15)             Temple (1/1) D:6

Altars:
Cheibriados
Dithmenos
Hepliaklqana
Kikubaaqudgha
Okawaru
Wu Jian


Innate Abilities, Weirdness & Mutations

You cannot wear most types of armour.
You are amphibious.
You can wear up to eight rings at the same time.
Your skin changes colour to match your surroundings (Stealth+).
Your rubbery body absorbs attacks. (AC +1, EV +1)
((You are camouflaged when in or above water. (Stealth+)))
You have tentacles for arms and can constrict up to eight enemies at once.
One of your tentacles bears a spike.
Your flesh is cold resistant. (rC+)
Your magical capacity is low. (-10% MP)
Your muscles are strong. (Str +4, Int/Dex -1)


Message History

You feel a sense of dread.
b - a +2 vampiric spear (weapon)
You are engulfed in a cloud of scalding steam.
No reachable target in view!
You are engulfed in a cloud of scalding steam.
You hit the steam dragon but do no damage.
You pierce the steam dragon, but do no damage.
The steam dragon is moderately wounded.
You are engulfed in a cloud of scalding steam.
The steam dragon bites you. The steam dragon claws you.
You hit the steam dragon.
You feel better.
The steam dragon is moderately wounded.
You are engulfed in a cloud of scalding steam.
The steam dragon bites you. The steam dragon misses you.
An iguana comes into view.
You barely miss the steam dragon.
You pierce the steam dragon, but do no damage.
The steam dragon is moderately wounded.
You hit the steam dragon.
You feel better.
You pierce the steam dragon, but do no damage.
You squeeze the steam dragon, but do no damage.
The steam dragon is heavily wounded.
The steam dragon breathes steam at you. The ball of steam hits you!
You hit the steam dragon.
You pierce the steam dragon, but do no damage.
You squeeze the steam dragon.
The steam dragon is severely wounded.
You are engulfed in a cloud of scalding steam.
* * * LOW HITPOINT WARNING * * *
The steam dragon barely misses you. x2
You hit the steam dragon.
You pierce the steam dragon, but do no damage.
The steam dragon is almost dead.
You are engulfed in a cloud of scalding steam.
* * * LOW HITPOINT WARNING * * *
The steam dragon bites you!
* * * LOW HITPOINT WARNING * * *
The steam dragon claws you.
You die...

...........#..#......#
#######....#..'.....######
... +....#..#.....#.....
...?#....#..####'##.....
....#....#..##....#.....
.........#..#.....#.....
.#......#..#.....#....#
#..#..>D.#..#.....#....#
..l....@.#..#.....#....#
..#......#..###'###....# +
...#...§.#..##...#......
..$...§§§§..'....#......
#.##..#.§#..#....#.).... #
# #.#..#...##...#...... +
..........############ #
.......##.......... # ##.
.......##.......... #


You could see a steam dragon (catching breath) and an iguana.

Vanquished Creatures
  A wyvern (D:5)
  A black bear (D:5)
  3 ogres
  A scorpion (D:5)
  4 hounds
  A jelly (D:5)
  An orc priest (D:3)
  4 iguanas (D:5)
  2 orc wizards
  A mummy (D:3)
  10 gnolls
  5 adders
  3 worms
  3 dart slugs
  14 orcs
  8 bats
  8 endoplasms
  4 giant cockroaches
  6 goblins
  11 hobgoblins
  11 kobolds
  2 quokkas
  6 ball pythons
  2 frilled lizards (D:1)
  4 rats
116 creatures vanquished.

Vanquished Creatures (others)
  3 plants (D:4)
3 creatures vanquished.

Grand Total: 119 creatures vanquished

Notes
Turn   | Place    | Note
-------+----------+-------------------------------------------
     0 | D:1      | senseless the Octopode Hunter began the quest for the Orb.
     0 | D:1      | Reached XP level 1. HP: 14/14 MP: 1/1
   211 | D:1      | Reached XP level 2. HP: 19/19 MP: 2/2
   757 | D:1      | Reached XP level 3. HP: 24/24 MP: 3/3
  1209 | D:2      | Reached skill level 5 in Ranged Weapons
  1360 | D:2      | Gained mutation: One of your tentacles bears a spike.
                  | [potion of mutation]
  1360 | D:2      | Gained mutation: Your magical capacity is low. (-10% MP)
                  | [potion of mutation]
  1360 | D:2      | Gained mutation: Your flesh is cold resistant. (rC+)
                  | [potion of mutation]
  1360 | D:2      | Gained mutation: Your muscles are strong. (Str +4, Int/Dex
                  | -1) [potion of mutation]
  1395 | D:2      | Reached XP level 4. HP: 29/29 MP: 3/3
  1963 | D:3      | Reached XP level 5. HP: 15/35 MP: 4/4
  2131 | D:3      | Found a snail-covered altar of Cheibriados.
  2327 | D:3      | Reached skill level 6 in Ranged Weapons
  2560 | D:3      | Found a shadowy altar of Dithmenos.
  2683 | D:3      | Noticed an ogre
  2692 | D:3      | Killed an ogre
  2693 | D:3      | Reached XP level 6. HP: 41/41 MP: 5/5
  3116 | D:3      | Reached skill level 1 in Polearms
  3421 | D:4      | Reached skill level 7 in Ranged Weapons
  3542 | D:4      | HP: 2/41 [giant cockroach (2)]
  3543 | D:4      | Reached XP level 7. HP: 2/46 MP: 6/6
  3867 | D:4      | Found a hazy altar of Hepliaklqana.
  4016 | D:5      | Entered Level 5 of the Dungeon
  4554 | D:5      | Reached XP level 8. HP: 27/54 MP: 7/7
  4670 | D:5      | Noticed a wyvern
  4705 | D:5      | Killed a wyvern
  4706 | D:5      | Reached skill level 8 in Ranged Weapons
  5146 | D:5      | Found an ornate altar of the Wu Jian Council.
  5510 | D:6      | Found a staircase to the Ecumenical Temple.
  5518 | Temple   | Entered the Ecumenical Temple
  5526 | Temple   | Became a worshipper of Warmaster Okawaru
  5601 | D:6      | HP: 1/54 [steam dragon (9)]
  5601 | D:6      | Slain by a steam dragon

Illustrated notes

Levels and vault maps discovered:
D:1:      dpeg_arrival_chambers_temple_mockup, layout_loops_corners,
          minmay_misc_feat_iff
D:2:      layout_basic
D:3:      layout_basic, slow_altar_1, marbit_many_paths, grunt_ministairs_7,
          minmay_crystal_room
D:4:      layout_gridville, nzn_hepliaklqana_mist_gate, serial_bayou_crossing
D:5:      layout_basic, nzn_wu_jian_contemplation, minivault_4
D:6:      layout_gridville, minmay_temple_entry_slanted,
          hangedman_abyss_or_decor_lesser_grid, uniq_grinder, uniq_eustachio
Temple:   dpeg_chambers_temple

Skill      XL: |  1  2  3  4  5  6  7  8 |
---------------+-------------------------+-----
Ranged Weapons | 5 6 7 8 |  8.1
Stealth        | 2 3 4 |  4.2
Polearms       | 1 2 3 |  3.2
Fighting       | 3 4 |  4.4
Dodging        | 3 |  3.0
Short Blades   | |  0.6
Evocations     | |  0.5

Action                     |  1- 3 |  4- 6 |  7- 9 || total
---------------------------+-------+-------+-------++-------
  Melee: Short sword       |     1 |    17 |       ||    18
         Constrict         |     1 |    17 |     9 ||    27
         Tentacles         |     1 |    16 |    18 ||    35
         Kick              |       |    22 |    31 ||    53
         Spear             |       |    32 |    62 ||    94
         Punch             |       |       |     1 ||     1
   Fire: Shortbow          |   102 |   153 |    53 ||   308
  Evoke: Wand              |       |     2 |     2 ||     4
    Use: Scroll            |     6 |     4 |     2 ||    12
         Potion            |     1 |       |       ||     1
   Stab: Paralysed         |       |     2 |     9 ||    11
 Armour: Skin              |     4 |     6 |     2 ||    12
  Dodge: Dodged            |    36 |    41 |    24 ||   101

Table legend: (Time is in decaauts)
 A = Elapsed time spent in this place.
 B = Non-inter-level travel time spent in this place.
 C = Inter-level travel time spent in this place.
 D = Time resting spent in this place.
 E = Time spent auto-exploring this place.
 F = Levels seen in this place.
 G = Mean time per level.
                   A        B        C        D        E       F      G
               +--------+--------+--------+--------+--------+-----+--------+
         Total |   5642 |   5230 |    412 |    404 |   3940 |   7 |  806.0 |
       Dungeon |   5625 |   5213 |    412 |    404 |   3940 |   6 |  937.5 |
        Temple |     16 |     16 |      0 |      0 |      0 |   1 |   16.0 |
               +--------+--------+--------+--------+--------+-----+--------+

Top non-repeatable levels by time:
     D:3: 1398 daAuts
     D:5: 1124 daAuts
     D:1: 1121 daAuts
     D:4: 1014 daAuts
     D:2: 729 daAuts
     D:6: 237 daAuts
  Temple: 16 daAuts
